 Dungeon Crawl Stone Soup version 0.29-a0-664-gff9cad4a3d (webtiles) character file.

Game seed: 2314462771107419554

55 YayAnonymity the Skirmisher (level 3, -4/29 HPs)
             Began as a Demonspawn Abyssal Knight on June 23, 2022.
             Was a Priest of Lugonu.
             Slain by a gnoll
             ... wielding a +0 halberd
              (11 damage)
             ... on level 1 of the Dungeon.
             The game lasted 00:02:32 (1895 turns).

YayAnonymity the Skirmisher (DsAK)                  Turns: 1895, Time: 00:02:33

Health: -4/29      AC:  9    Str: 15    XL:     3   Next: 67%
Magic:  5/5        EV: 11    Int: 11    God:    Lugonu [***...]
Gold:   98         SH:  3    Dex: 13    Spells: 2/2 levels left

rFire   . . .      SeeInvis .   a - +1 spear
rCold   . . .      Faith    .   f - +0 buckler
rNeg    . . .      Spirit   .   b - +0 leather armour
rPois   .          Reflect  .   i - +1 hat
rElec   .          Harm     .   (no cloak)
rCorr   .          Rampage  .   h - +2 pair of gloves
Will    .....                   (no boots)
Stlth   +.........              (no amulet)
HPRegen 0.09/turn               (no ring)
MPRegen 0.09/turn               (no ring)

@: no status effects
A: thin metallic scales 1
a: Renounce Religion, Depart the Abyss, Bend Space, Banish


You were on level 1 of the Dungeon.
You worshipped Lugonu.
Lugonu was most pleased with you.
You visited 1 branch of the dungeon, and saw 2 of its levels.
You visited the Abyss 1 time.

You collected 98 gold pieces.

Inventory:

Hand Weapons
 a - a +1 spear (weapon)
Armour
 b - a +0 leather armour (worn)
 f - a +0 buckler (worn)
 h - a +2 pair of gloves (worn)
 i - a +1 hat (worn)
Scrolls
 c - a scroll of amnesia {unknown}
Potions
 d - 2 potions of curing
 e - 2 potions of attraction
 g - a potion of flight {unknown}
 k - a potion of heal wounds {unknown}
 l - 2 potions of mutation {unknown}


   Skills:
 + Level 3.3 Fighting
 * Level 2.5 Polearms
 + Level 2.2 Armour
 + Level 1.4 Dodging
 + Level 3.0 Invocations


You had 2 spell levels left.
You didn't know any spells.
Your spell library was empty.

Dungeon Overview and Level Annotations

Branches:
Dungeon (2/15)

Altars:


Innate Abilities, Weirdness & Mutations

You are partially covered in thin metallic scales. (AC +2)


Message History

You hit the bat.
The bat is moderately wounded.
The bat hits you but does no damage. The bat misses you.
You hit the bat.
You kill the bat!
Lugonu accepts your kill.
The gnoll hits you from afar with a +0 halberd!
There is a stone staircase leading up here.
The gnoll hits you but does no damage.
There is a stone staircase leading up here.
The gnoll hits you with a +0 halberd.
You climb upwards.
There is a stone staircase leading down here.
You barely miss the gnoll. You block the gnoll's attack.
You hit the gnoll.
The gnoll is lightly wounded.
The gnoll hits you with a +0 halberd.
You hit the gnoll but do no damage.
The gnoll is lightly wounded.
The gnoll misses you.
You hit the gnoll.
The gnoll is heavily wounded.
The gnoll hits you but does no damage.
You closely miss the gnoll.
The gnoll is heavily wounded.
The gnoll hits you with a +0 halberd.
* * * LOW HITPOINT WARNING * * *
You hit the gnoll.
The gnoll is severely wounded.
The gnoll closely misses you.
You hit the gnoll but do no damage.
The gnoll is severely wounded.
The gnoll misses you.
You hit the gnoll but do no damage.
The gnoll is severely wounded.
The gnoll closely misses you.
You barely miss the gnoll.
The gnoll is severely wounded.
The gnoll hits you with a +0 halberd!
You die...

#.######............#
#.######.########..##
#........# #..########
#.######## #.........#
#.###### #.....###.# #......#
#####.# #.# ######.# #.#
#.##### #.# #########.#
#...... #.# #.@.......#
####### #.# #g######### #.#
#.# #.# #.# #.# #.# #.# #.#
####.#### #.##########
#.......###.#........#
#.#####.#.....######.########


You could see a gnoll.

Vanquished Creatures
  An adder (D:2)
  A worm (D:2)
  3 dart slugs
  2 ball pythons (D:1)
  3 endoplasms
  4 giant cockroaches
  A goblin (D:2)
  3 hobgoblins
  4 quokkas
  4 bats
  A frilled lizard (D:2)
  4 kobolds
  A rat (D:1)
32 creatures vanquished.

Notes
Turn   | Place    | Note
-------+----------+-------------------------------------------
     0 | Abyss:1  | YayAnonymity the Demonspawn Abyssal Knight began the quest
                  | for the Orb.
     0 | Abyss:1  | Reached XP level 1. HP: 18/18 MP: 2/2
    13 | D:1      | Escaped the Abyss
    74 | D:1      | Reached skill level 1 in Dodging
   104 | D:1      | Found a faded altar of an unknown god.
   279 | D:1      | Gained mutation: You are partially covered in thin metallic
                  | scales. (AC +2) [demonic ancestry]
   279 | D:1      | Reached XP level 2. HP: 24/24 MP: 3/3
  1230 | D:2      | Reached XP level 3. HP: 29/29 MP: 5/5
  1591 | D:2      | Reached *** piety under Lugonu
  1895 | D:1      | Slain by a gnoll

Illustrated notes

Levels and vault maps discovered:
D:1:      lightli_molten_gateway, layout_loops_ring,
          ebering_ecumenical_altar_sacrificial
D:2:      layout_basic, serial_co_window_serial, co_window_paths_b,
          co_window_paths_a, co_window_paths_a, co_window_paths_a,
          co_window_paths_b, co_window_of_opportunity_a, co_window_corner_a,
          co_window_cross_4, co_window_corner_ca, co_window_broadway_a,
          co_window_broadway_a, co_window_paths_e, glass_columns_a,
          kennysheep_nub

Skill      XL: |  1  2  3 |
---------------+----------+-----
Dodging        | 1 |  1.4
Polearms       | 2 |  2.5
Armour         | 2 |  2.2
Invocations    | 3 |  3.0
Fighting       | |  3.3

Action                   || total
-------------------------++-------
Melee: Spear             ||   153
  Use: Scroll            ||     2
Armor: Leather armour    ||    43
Dodge: Dodged            ||    67
Block: Buckler           ||    12

Table legend: (Time is in decaauts)
 A = Elapsed time spent in this place.
 B = Non-inter-level travel time spent in this place.
 C = Inter-level travel time spent in this place.
 D = Time resting spent in this place.
 E = Time spent auto-exploring this place.
 F = Levels seen in this place.
 G = Mean time per level.
                   A        B        C        D        E       F      G
               +--------+--------+--------+--------+--------+-----+--------+
         Total |   1900 |   1853 |     47 |      0 |   1489 |   3 |  633.3 |
       Dungeon |   1887 |   1840 |     47 |      0 |   1487 |   2 |  943.5 |
         Abyss |     13 |     13 |      0 |      0 |      2 |   1 |   13.0 |
               +--------+--------+--------+--------+--------+-----+--------+

Top non-repeatable levels by time:
     D:1: 1063 daAuts
     D:2: 823 daAuts
 Abyss:1: 13 daAuts
